 Dungeon Crawl Stone Soup version 0.31.0-32-g396128a36d (webtiles) character file.

Game seed: 17273002193129049968

35 Draugr the Magician (level 3, -5/26 HPs)
             Began as a Demonspawn Hedge Wizard on Mar 15, 2024.
             Slain by a ribbon worm (8 damage)
             ... on level 2 of the Dungeon.
             The game lasted 00:04:47 (1368 turns).

Draugr the Magician (Demonspawn Hedge Wizard)       Turns: 1368, Time: 00:04:48

Health: -5/26      AC:  2    Str: 10    XL:     3   Next: 17%
Magic:  6/7        EV: 12    Int: 16    God:
Gold:   45         SH:  0    Dex: 12    Spells: 7/8 levels left

rFire   . . .        a - +0 dagger
rCold   . . .        (no shield)
rNeg    . . .        b - +0 robe
rPois   .            c - +0 hat
rElec   .            (no cloak)
rCorr   .            (no gloves)
SInv    .            (no boots)
Will    .....        (no amulet)
Stlth   ++           (no ring)
HPRegen 0.24/turn    (no ring)
MPRegen 0.10/turn

%: no passive effects
@: no status effects
A: weakness stinger 1
a: no special abilities


You were on level 2 of the Dungeon.
You visited 1 branch of the dungeon, and saw 2 of its levels.

You collected 45 gold pieces.

Inventory:

Hand Weapons
 a - a +0 dagger (weapon)
Armour
 b - a +0 robe (worn)
 c - a +0 hat (worn)
Potions
 d - a potion of magic
 e - a potion of haste {unknown}
 f - 3 potions of attraction {unknown}
 g - a potion of curing {unknown}
 h - a potion of heal wounds {unknown}
 i - a potion of might {unknown}


   Skills:
 - Level 1.1 Fighting
 - Level 1.0 Short Blades
 + Level 2.3 Dodging
 - Level 1.7 Stealth
 - Level 1.0 Unarmed Combat
 - Level 3.0 Spellcasting
 - Level 1.0 Conjurations
 - Level 1.0 Summonings
 - Level 0.8 Translocations


You had 7 spell levels left.
You knew the following spells:

 Your Spells              Type           Power      Damage    Failure   Level
a - Magic Dart            Conj           20%        1d4       12%         1

Your spell library contained the following spells:

 Spells                   Type           Power      Damage    Failure   Level
 Sandblast                Erth           4%         2d4       19%         1
 Slow                     Hex            8%         N/A       19%         1
 Call Imp                 Summ           10%        N/A       19%         2
 Blink                    Tloc           10%        N/A       21%         2
 Cigotuvi's Dreadful Rot  Necr/Alch/Air  4%         N/A       28%         2
 Gell's Gravitas          Tloc           5%         N/A       36%         3
 Teleport Other           Tloc           5%         N/A       36%         3
 Stone Arrow              Conj/Erth      8%         3d7       41%         3
 Mephitic Cloud           Conj/Alch/Air  3%         N/A       43%         3
 Passwall                 Erth           2%         N/A       50%         3
 Brom's Barrelling Bould  Conj/Erth      4%         2d3       83%         4
 Dispersal                Tloc           2%         N/A       100%        6


Dungeon Overview and Level Annotations

Branches:
Dungeon (2/15)

Altars:


Innate Abilities, Weirdness & Mutations

You have a small tail.


Message History

The ribbon worm bites you.
You hit the ribbon worm.
The ribbon worm is heavily wounded.
You hit the ribbon worm but do no damage.
You tail-slap the ribbon worm, but do no damage.
The ribbon worm is heavily wounded.
The ribbon worm bites you.
You hit the ribbon worm.
The ribbon worm is severely wounded.
The ribbon worm expels a string of sticky webbing.
The stream of webbing misses you.
You barely miss the ribbon worm. You tail-slap the ribbon worm.
The ribbon worm is severely wounded.
The ribbon worm bites you!
You hit the ribbon worm.
The ribbon worm is almost dead.
You hit the ribbon worm.
The ribbon worm is almost dead.
The ribbon worm expels a string of sticky webbing.
The stream of webbing hits you but does no damage.
You are caught in a web!
The web tears apart.
The ribbon worm bites you.
You barely miss the ribbon worm.
The ribbon worm is almost dead.
The ribbon worm closely misses you.
You hit the ribbon worm but do no damage.
The ribbon worm is severely wounded.
The ribbon worm expels a string of sticky webbing.
The stream of webbing hits you but does no damage.
You are caught in a web!
You struggle to detach yourself from the web.
The web tears apart.
The ribbon worm bites you.
You hit the ribbon worm.
The ribbon worm is severely wounded.
The ribbon worm bites you.
* * * LOW HITPOINT WARNING * * *
You hit the ribbon worm but do no damage.
The ribbon worm is severely wounded.
The ribbon worm bites you!
You die...

........ .# #....#####
#######.### #........#
#..........
#........########..........
#........#......#..........
#..<............'..........
#....#..........#...^...... .
##...#..........###.....### ..
#...#...w@.....###.....#
##.###...#.....###...##.....#
.........#.......#...##†....#
..###....#.#.#..............#
...................>...........
..#.#.#.####....#.#.####.......
#..........#..#..............
#.....####+#.............####
#.....#.......###..........


You could see a ribbon worm (catching breath).

Vanquished Creatures
  A dart slug (D:1)
  A ball python (D:1)
  6 endoplasms
  2 giant cockroaches (D:1)
  3 goblins (D:1)
  2 hobgoblins (D:1)
  3 jackals (D:1)
  2 kobolds (D:1)
  A quokka (D:1)
  2 bats
  4 frilled lizards
  A rat (D:1)
28 creatures vanquished.

Notes
Turn   | Place    | Note
-------+----------+-------------------------------------------
     0 | D:1      | Draugr the Demonspawn Hedge Wizard began the quest for the
                  | Orb.
     0 | D:1      | Reached XP level 1. HP: 13/13 MP: 4/4
   393 | D:1      | Reached skill level 1 in Short Blades
   463 | D:1      | Reached skill level 1 in Fighting
   463 | D:1      | Gained mutation: You have a small tail. [demonic ancestry]
   463 | D:1      | Reached XP level 2. HP: 8/21 MP: 0/6
   793 | D:1      | Reached skill level 1 in Unarmed Combat
   991 | D:1      | Reached XP level 3. HP: 26/26 MP: 4/7
  1368 | D:2      | Slain by a ribbon worm

Illustrated notes

Levels and vault maps discovered:
D:1:      dpeg_arrival_rooms_c, layout_basic, minmay_pentomino_o2
D:2:      layout_basic

Skill      XL: |  1  2 |
---------------+-------+-----
Short Blades   | 1 |  1.0
Fighting       | 1 |  1.1
Unarmed Combat | 1 |  1.0
Dodging        | 2 |  2.3
Stealth        | |  1.7
Spellcasting   | |  3.0
Conjurations   | |  1.0
Summonings     | |  1.0
Translocations | |  0.8

Action                     || total
---------------------------++-------
  Melee: Dagger            ||    81
         Tailslap          ||    12
   Cast: Magic Dart        ||    51
    Use: Scroll            ||     1
 Armour: Robe              ||    49
  Dodge: Dodged            ||    60
